AoeStats
← renardponpon

Lombardia

509442760Analyzed
2v2 RM · 6d ago on Sep 26, 2026· 53m 21s· 4 players
Game mode
Random Map
Map size
Medium (4 player)
Population
200
Speed
Normal
Resources
Standard
Victory
Conquest
Starting age
Dark Age
Ending age
Imperial Age
RankedLock teamsTeams togetherTeam positionsShared explorationLock speedFull tech treeHidden civsTurbo modeCheats
Victory
Defeat
🇫🇷 Franks · France
1037
+13
🇫🇷 Varangians · France
1003
+14
🇳🇱 Khmer · Netherlands
994
-15
🇳🇱 Spanish · Netherlands
934
-12
YoGurt
5:21 Loom
11:53 Feudal Age
13:25 Bloodlines
14:26 Scale Barding Armor
14:25 Double-Bit Axe
16:29 Forging
16:58 Horse Collar
21:10 Scale Mail Armor
25:32 Castle Age
31:30 Bow Saw
31:51 Stone Mining
35:17 Wheelbarrow
39:13 Husbandry
40:06 Heavy Plow
42:56 Fortified Wall
43:39 Hand Cart
45:25 Gold Mining
48:36 Murder Holes
Oh deer
6:39 Loom
8:35 Feudal Age
11:14 Double-Bit Axe
12:46 Wheelbarrow
12:14 Horse Collar
21:19 Castle Age
20:20 Bloodlines
22:29 Pikeman
24:42 Fletching
26:59 Scale Barding Armor
30:23 Hand Cart
29:54 Town Watch
31:13 Husbandry
32:01 Chain Barding Armor
31:46 Light Cavalry
36:52 Imperial Age
34:57 Forging
35:16 Bodkin Arrow
36:36 Iron Casting
36:52 Bow Saw
36:51 Heavy Plow
39:20 Bracer
40:17 Plate Barding Armor
41:06 Blast Furnace
40:05 Hussar
44:14 Ballistics
44:55 Chemistry
44:07 Masonry
45:29 Conscription
46:22 Hoardings
Azurii
5:14 Loom
10:58 Feudal Age
11:33 Horse Collar
11:38 Double-Bit Axe
13:23 Man-at-Arms
17:35 Arson
19:07 Forging
19:03 Scale Barding Armor
19:00 Scale Mail Armor
18:58 Gold Mining
19:49 Wheelbarrow
20:22 Bloodlines
22:30 Castle Age
22:04 Fletching
24:08 Iron Casting
23:49 Chain Mail Armor
24:16 Stone Mining
24:33 Heavy Plow
24:57 Gambesons
27:04 Squires
27:46 Pikeman
30:15 Hand Cart
31:36 Town Watch
39:31 Imperial Age
37:58 Husbandry
38:21 Chain Barding Armor
39:01 Town Patrol
40:15 Ballistics
40:06 Masonry
41:18 Blast Furnace
40:48 Plate Mail Armor
39:44 Elite Varangian Guard
41:46 Gothikon
43:42 Architecture
43:50 Plate Barding Armor
43:10 Bodkin Arrow
44:33 Conscription
46:21 Siege Engineers
51:24 Bracer
50:49 Elite Jarl
renardponpon
10:08 Loom
11:53 Feudal Age
14:51 Double-Bit Axe
17:23 Castle Age
15:33 Scale Barding Armor
17:48 Forging
19:38 Husbandry
32:25 Light Cavalry
38:11 Bow Saw
39:42 Masonry
39:53 Ballistics
39:14 Treadmill Crane
39:49 Masonry
39:59 Ballistics
43:59 Wheelbarrow
44:02 Iron Casting
44:27 Town Watch
47:20 Imperial Age
45:26 Chain Barding Armor
44:59 Gold Mining
45:51 Hand Cart
47:00 Fletching
47:49 Gold Shaft Mining
47:05 Stone Mining
47:39 Town Patrol
47:45 Bodkin Arrow
48:49 Conscription
48:30 Chivalry
47:51 Elite Throwing Axeman
49:03 Scale Mail Armor
50:05 Blast Furnace
49:40 Plate Barding Armor
51:53 Architecture
51:29 Siege Engineers
52:25 Chemistry
52:18 Hoardings
53:10 Hoardings
Connection lost

Rejoining the realm…

Still unreachable

The connection could not be restored.

Session expired

The server has moved on; the page needs a fresh start.